 Dungeon Crawl Stone Soup version 0.28-a0-577-gb193047a1f (webtiles) character file.

Game seed: 7813592389374319816

226 robertstho the Magician (level 6, -1/43 HPs)
             Began as a Djinni Fire Elementalist on Oct 1, 2021.
             Killed by an exploding howler monkey (14 damage)
             ... ignited by their inner flame
             ... on level 4 of the Dungeon.
             The game lasted 00:06:28 (4710 turns).

robertstho the Magician (Djinni Fire Elementalist)  Turns: 4710, Time: 00:06:29

Health: -1/43      AC:  3    Str: 13    XL:     6   Next: 22%
Gold:   127        EV: 12    Int: 19    God:
                   SH:  0    Dex: 13

rFire   + + .      SeeInvis .   l - +1 triple sword
rCold   x . .      Faith    .   (shield currently unavailable)
rNeg    . . .      Spirit   .   a - +0 robe
rPois   ∞          Reflect  .   c - +0 helmet
rElec   .          Harm     .   (no cloak)
rCorr   .          Rampage  .   (no gloves)
Will    .....                   (boots unavailable)
Stlth   ++........              (no amulet)
HPRegen 0.14/turn               r - +6 ring of strength
MPRegen 0.00/turn               (no ring)

@: weak-willed, flying
A: sickness immunity, fire resistance 2, cold vulnerability 1, float, innate
caster, hp casting, extra vitality 1
a: no special abilities


You were on level 4 of the Dungeon.
You visited 1 branch of the dungeon, and saw 4 of its levels.

You collected 127 gold pieces.

Inventory:

Hand Weapons
 l - a +1 triple sword (weapon)
Missiles
 k - a throwing net
Armour
 a - a +0 robe (worn)
 c - a +0 helmet (worn)
Jewellery
 r - a +6 ring of strength (left hand)
Scrolls
 e - a scroll of identify
 f - 2 scrolls of brand weapon
 h - 2 scrolls of enchant armour
 o - a scroll of teleportation {unknown}
 q - a scroll of blinking {unknown}
Potions
 j - a potion of might {unknown}
 p - a potion of ambrosia {unknown}


   Skills:
 * Level 1.7 Fighting
 + Level 0.2 Long Blades
 + Level 2.2 Dodging
 + Level 1.9 Stealth
 * Level 4.6 Spellcasting


You couldn't memorise any spells.
You knew the following spells:

 Your Spells              Type           Power      Damage    Failure   Level
a - Foxfire               Conj/Fire      84%        2x1d8     1%          1
b - Scorch                Fire           42%        2d7       3%          2
c - Conjure Flame         Conj/Fire      21%        6-21      6%          3
d - Inner Flame           Hex/Fire       21%        N/A       6%          3
e - Flame Wave            Conj/Fire      21%        3d6       19%         4
f - Magic Dart            Conj           84%        1d7       1%          1
g - Blink                 Tloc           N/A        N/A       3%          2
Your spell library was empty.

Dungeon Overview and Level Annotations

Branches:
Dungeon (4/15)
 Temple: D:4-7

Altars:
Ashenzari


Innate Abilities, Weirdness & Mutations

You are immune to sickness and miasma.
You are immune to poison.
Your flesh is very heat resistant. (rF++)
You are vulnerable to cold. (rC-)
You float through the air rather than walking.
You learn spells naturally, not from books.
Your magical power is your life essence.
You have superior vitality. (+4 HP)


Message History

Your magical effects are unravelling.
You feel magically purged.
You feel yourself slow down.
The orc priest miscasts a cantrip.
It was a potion of curing.
You feel better.
The howler monkey is no longer more vulnerable to fire.
The howler monkey hits you but does no damage.
The orc priest casts a cantrip, but nothing happens.
As you read the scroll labelled YSIMYCZUCANOW, it crumbles to dust.
It is a scroll of identify.
f - 2 scrolls of brand weapon The howler monkey barely misses you.
The howler monkey hits you.
The orc priest looks braver for a moment.
As you read the scroll of identify, it crumbles to dust.
h - 2 scrolls of enchant armour The howler monkey hoots and howls with incredible vigour!
The orc priest miscasts a cantrip.
You hear a shout!
As you read the scroll labelled MECKUO KOUFIF, it crumbles to dust.
Magic quickly surges around you.
It was a scroll of vulnerability.
The howler monkey hits you.
As you read the scroll labelled ENNETWETHRO, it crumbles to dust.
It is a scroll of enchant weapon.
Your +0 triple sword glows red for a moment.
The howler monkey hits you but does no damage.
As you read the scroll labelled WICYAN KYUHE, it crumbles to dust.
The creatures around you are filled with an inner flame!
It was a scroll of immolation.
The howler monkey closely misses you.
The orc priest looks braver for a moment.
The howler monkey hoots and howls with incredible vigour!
Found a scroll labelled VYBEIL RAYMUNU.
Casting: Scorch (safe; 3% risk of failure)
Confirm with . or Enter, or press ? or * to list all spells.
Flames lash the howler monkey.
Flame seeps out of the howler monkey.
The howler monkey is almost dead.
The howler monkey's fire resistance burns away.
The howler monkey is engulfed in blazing flames.
The howler monkey explodes!
The fiery explosion engulfs you! You resist.
You die...

.# ##.### #.....#.#
#........ ##........
###########.........
#..@○So.<...........
#.#######o..........
.? .................
#.#
........÷o)...... #
###..............
................
##...............
#...............
#......!........


You could see an orc priest (inner flame, weak-willed), an adder (inner flame,
weak-willed) and an orc (inner flame, weak-willed).

Vanquished Creatures
  A howler monkey (D:4)
  4 gnolls (D:2)
  9 adders
  A worm (D:3)
  A dart slug (D:2)
  An orc (D:4)
  4 ball pythons
  3 bats (D:1)
  15 endoplasms
  4 giant cockroaches
  14 goblins
  11 hobgoblins
  9 jackals
  4 quokkas
  3 frilled lizards (D:1)
  5 kobolds
  4 rats
93 creatures vanquished.

Vanquished Creatures (others)
  214 foxfires
214 creatures vanquished.

Grand Total: 307 creatures vanquished

Notes
Turn   | Place    | Note
-------+----------+-------------------------------------------
     0 | D:1      | robertstho the Djinni Fire Elementalist began the quest for
                  | the Orb.
     0 | D:1      | Reached XP level 1. HP: 15/15 MP: 0/0
   233 | D:1      | Reached XP level 2. HP: 15/22 MP: 0/0
   426 | D:1      | Reached skill level 1 in Fighting
   426 | D:1      | Reached XP level 3. HP: 2/27 MP: 0/0
   426 | D:1      | Learned a level 1 spell: Magic Dart
   742 | D:1      | Reached skill level 3 in Spellcasting
  1261 | D:1      | Found a faded altar of an unknown god.
  1823 | D:2      | Reached XP level 4. HP: 19/32 MP: 0/0
  2115 | D:2      | Reached XP level 5. HP: 23/37 MP: 0/0
  2115 | D:2      | Learned a level 2 spell: Blink
  2249 | D:2      | Found a broken altar of Ashenzari.
  2435 | D:2      | Reached skill level 4 in Spellcasting
  3670 | D:3      | Reached XP level 6. HP: 25/43 MP: 0/0
  4710 | D:4      | Killed by an exploding howler monkey... ignited by their
                  | inner flame

Illustrated notes

Levels and vault maps discovered:
D:1:      amcnicky_arrival_flooded_fountain, layout_rooms,
          shapermc_ecumenical_altar_pompeii, eino_curves_02
D:2:      kennysheep_the_goblin_king, layout_basic, basic_altar, st_stairs_3,
          grunt_ministairs_15, chequers_serial_rivers_room_a
D:3:      layout_basic, chequers_serial_rivers_micro_a
D:4:      layout_basic, uniq_duvessa

Skill      XL: |  1  2  3  4  5 |
---------------+----------------+-----
Fighting       | 1 |  1.7
Spellcasting   | 3 4 |  4.6
Long Blades    | |  0.2
Dodging        | |  2.2
Stealth        | |  1.9

Action                   |  1- 3 |  4- 6 || total
-------------------------+-------+-------++-------
Melee: Unarmed           |     1 |       ||     1
       Triple sword      |       |    20 ||    20
 Cast: Foxfire           |    90 |    41 ||   131
       Scorch            |     5 |    50 ||    55
  Use: Scroll            |       |     5 ||     5
       Potion            |       |     3 ||     3
 Stab: Sleeping          |       |     1 ||     1
Armor: Robe              |     2 |    19 ||    21
Dodge: Dodged            |    10 |    43 ||    53

Table legend: (Time is in decaauts)
 A = Elapsed time spent in this place.
 B = Non-inter-level travel time spent in this place.
 C = Inter-level travel time spent in this place.
 D = Time resting spent in this place.
 E = Time spent auto-exploring this place.
 F = Levels seen in this place.
 G = Mean time per level.
                   A        B        C        D        E       F      G
               +--------+--------+--------+--------+--------+-----+--------+
         Total |   4725 |   4609 |    116 |    709 |   3345 |   4 | 1181.2 |
       Dungeon |   4725 |   4609 |    116 |    709 |   3345 |   4 | 1181.2 |
               +--------+--------+--------+--------+--------+-----+--------+

Top non-repeatable levels by time:
     D:1: 1682 daAuts
     D:3: 1648 daAuts
     D:2: 1359 daAuts
     D:4: 35 daAuts
